 Dungeon Crawl Stone Soup version 0.28.0-53-g5a82cb258f (webtiles) character file.

Game seed: 8062629783952406868

716 Kranky the Skirmisher (level 7, 0/54 HPs)
             Began as an Octopode Fighter on June 20, 2022.
             Killed by divine providence
             ... invoked by an orc priest
              (11 damage)
             ... on level 5 of the Dungeon.
             The game lasted 00:09:35 (6082 turns).

Kranky the Skirmisher (Octopode Fighter)            Turns: 6082, Time: 00:09:35

Health: 0/54       AC:  1    Str: 16    XL:     7   Next: 69%
Magic:  7/7        EV: 14    Int: 10    God:
Gold:   221        SH:  5    Dex: 13    Spells: 6/6 levels left

rFire   . . .      SeeInvis .   o - +1 dagger (venom)
rCold   . . .      Faith    .   b - +0 buckler
rNeg    . . .      Spirit   .   (helmet restricted)
rPois   .          Reflect  .   (no amulet)
rElec   .          Harm     .   (no ring)
rCorr   .          Rampage  .   (no ring)
Will    .....                   (no ring)
Stlth   +++.......              (no ring)
HPRegen 0.18/turn               (no ring)
MPRegen 0.10/turn               (no ring)
                                (no ring)
                                (no ring)

@: no status effects
A: almost no armour, amphibious, 8 rings, camouflage 1, gelatinous body 1,
(nimble swimmer 1), tentacles
a: no special abilities


You were on level 5 of the Dungeon.
You visited 1 branch of the dungeon, and saw 5 of its levels.
You also visited: Sewer.

You collected 247 gold pieces.
You spent 26 gold pieces at shops.

Inventory:

Hand Weapons
 o - a +1 dagger of venom (weapon)
Missiles
 n - 5 poisoned darts (quivered)
Armour
 b - a +0 buckler (worn)
Wands
 k - a wand of iceblast (19)
 m - a wand of polymorph (4)
 q - a wand of flame (16)
Scrolls
 a - 2 scrolls of identify
 e - a scroll of teleportation {unknown}
 g - 2 scrolls of enchant armour
 i - 3 scrolls of blinking
 j - a scroll of holy word {unknown}
 r - a scroll of enchant weapon {unknown}
 t - a scroll of immolation {unknown}
Potions
 c - a potion of might
 d - a potion of mutation {unknown}
 f - a potion of curing {unknown}
 l - a potion of haste {unknown}
 p - a potion of ambrosia {unknown}
 s - a potion of magic {unknown}


   Skills:
 + Level 7.6 Fighting
 - Level 0.7 Short Blades
 - Level 2.0 Maces & Flails
 + Level 4.3 Dodging
 - Level 3.0 Stealth
 + Level 3.3 Shields


You had 6 spell levels left.
You didn't know any spells.
Your spell library contained the following spells:

 Spells                   Type           Power      Damage    Failure   Level
 Animate Skeleton         Necr           0%         N/A       45%         1
 Pain                     Necr           0%         1d4       45%         1
 Shock                    Conj/Air       0%         1d3       45%         1
 Gell's Gravitas          Tloc           0%         N/A       83%         3
 Lesser Beckoning         Tloc           0%         N/A       83%         3
 Teleport Other           Tloc           0%         N/A       83%         3
 Vampiric Draining        Necr           0%         2d6       83%         3
 Blade Hands              Tmut           0%         N/A       100%        5
 Iron Shot                Conj/Erth      0%         9d1       100%        6
 Animate Armour           Summ/Erth      Unusable   N/A       N/A         4

Dungeon Overview and Level Annotations

Branches:
Dungeon (5/15)              Sewer (visited)
 Temple: D:4-7

Altars:
Gozag
Hepliaklqana
Sif Muna

Shops:
D:1 ?!(   D:5 [


Innate Abilities, Weirdness & Mutations

You cannot wear most types of armour.
You are amphibious.
You can wear up to eight rings at the same time.
Your skin changes colour to match your surroundings (Stealth+).
Your rubbery body absorbs attacks. (AC +1, EV +1)
((You are camouflaged when in or above water. (Stealth+)))
You have tentacles for arms and can constrict up to eight enemies at once.


Message History

There is a stone staircase leading up here.
There is an entrance to Cacai's Antique Armour Shop here.
An orc priest comes into view.
It is wielding a +0 dagger. 2 orcs and 2 orc priests come into view.
The orc shouts!
The orc priest shouts! x3; The orc shouts!
You hit the orc priest.
The orc priest is poisoned.
Your grab misses the orc priest.
The orc priest is lightly wounded.
You closely miss the orc priest. You grab the orc priest.
Your tentacle-slap misses the orc priest.
The orc priest is moderately wounded.
You constrict the orc priest.
The orc priest hits you but does no damage.
The orc priest calls down the wrath of Beogh upon you.
Beogh smites you! The orc priest hits you with a +0 club.
You release your grip on the orc priest.
The orc priest hits you with a +0 dagger.
The orc priest mumbles some strange prayers to Beogh against you.
Beogh smites you!
You hit the orc priest. You grab the orc priest.
You squeeze the orc priest, but do no damage.
The orc priest is severely wounded.
You constrict the orc priest.
The orc priest mumbles some strange prayers to Beogh against you.
Beogh smites you!
* * * LOW HITPOINT WARNING * * *
The orc priest calls upon Beogh to heal the orc priest.
The orc priest is healed somewhat.
You hit the orc priest but do no damage.
The orc priest looks as sick as possible!
You squeeze the orc priest!
The orc priest is almost dead.
You constrict the orc priest.
You kill the orc priest!
The orc priest misses you. The orc priest hits you with a +0 club.
* * * LOW HITPOINT WARNING * * *
The orc priest calls down the wrath of Beogh upon you.
Beogh smites you!
You die...

### ##+# .... #..##.....
#.)o.o.... #@o##o...
#..## . #...+ #...#
#...# #...# ######
##+.###
#######....###...#####
#.......................


You could see 2 orc priests and an orc.

Vanquished Creatures
  Duvessa (D:4)
  A bullfrog (Sewer)
  A scorpion (D:4)
  Dowan (D:4)
  A bullfrog zombie (D:4)
  4 orc priests
  A hound (D:4)
  Jessica (D:3)
  3 gnolls (D:4)
  2 river rats (D:3)
  8 adders
  2 ufetubi (D:4)
  3 worms
  6 orcs
  5 endoplasms
  7 giant cockroaches
  6 goblins
  2 hobgoblins
  8 jackals
  6 quokkas
  16 ball pythons
  5 bats
  7 frilled lizards
  3 kobolds
  7 rats
107 creatures vanquished.

Notes
Turn   | Place    | Note
-------+----------+-------------------------------------------
     0 | D:1      | Kranky the Octopode Fighter began the quest for the Orb.
     0 | D:1      | Reached XP level 1. HP: 16/16 MP: 1/1
    31 | D:1      | Reached skill level 1 in Stealth
    55 | D:1      | Reached XP level 2. HP: 19/21 MP: 2/2
    95 | D:1      | Found Reug's Distillery.
   272 | D:1      | Found Cecisy's Weapon Shop.
   517 | D:1      | Found Faonepok's Magic Scroll Boutique.
   525 | D:1      | Bought a scroll of identify for 26 gold pieces
   754 | D:2      | Reached XP level 3. HP: 22/26 MP: 3/3
   801 | D:2      | Found a faded altar of an unknown god.
   812 | D:2      | Got Plato's Grimoire of Weightlessness
  1549 | D:3      | Found a glowing drain.
  1580 | D:3      | Reached skill level 4 in Fighting
  1580 | D:3      | Reached XP level 4. HP: 11/33 MP: 4/4
  1749 | Sewer    | Entered a sewer
  2462 | Sewer    | Noticed a bullfrog
  2466 | Sewer    | Killed a bullfrog
  2467 | Sewer    | Reached skill level 5 in Fighting
  2467 | Sewer    | Reached XP level 5. HP: 28/40 MP: 5/5
  2904 | D:3      | Noticed Jessica
  2916 | D:3      | HP: 2/41 [poisoned by an adder]
  2916 | D:3      | Killed Jessica
  2917 | D:3      | Reached skill level 6 in Fighting
  2917 | D:3      | Reached XP level 6. HP: 2/46 MP: 6/6
  3756 | D:3      | Found an opulent altar of Gozag.
  3757 | D:3      | Found a hazy altar of Hepliaklqana.
  3947 | D:4      | Noticed Duvessa
  3947 | D:4      | Noticed Dowan
  3957 | D:4      | Killed Duvessa
  3963 | D:4      | Killed Dowan
  4456 | D:4      | Reached XP level 7. HP: 53/53 MP: 7/7
  4948 | D:4      | Found a shimmering blue altar of Sif Muna.
  5146 | D:4      | Reached skill level 7 in Fighting
  6059 | D:5      | Entered Level 5 of the Dungeon
  6059 | D:5      | Found Cacai's Antique Armour Shop.
  6082 | D:5      | Killed from afar by an orc priest

Illustrated notes

Levels and vault maps discovered:
D:1:      amcnicky_arrival_double_pillar, layout_basic, serial_shops,
          shop_scrolls, nicolae_shop_hallway_plus,
          nicolae_shop_bloodbath_and_beyond
D:2:      layout_loops_ring, shapermc_ecumenical_altar_rom_forum
D:3:      layout_basic, gammafunk_temple_overflow_statue, portal_sewer_entry_c,
          solitary_fountain, uniq_jessica
D:4:      layout_gridville, mainiacjoe_overflow_six_doors_small, uniq_duvessa
D:5:      layout_gridville, ebering_ghost_rock_garden, serial_shops,
          nicolae_stop_n_shop_2, kennysheep_pointless_box,
          minmay_manual_mandibuliform, uniq_ijyb

Skill      XL: |  1  2  3  4  5  6  7 |
---------------+----------------------+-----
Stealth        | 1 2 3 |  3.0
Fighting       | 4 5 6 7 |  7.6
Dodging        | 4 |  4.3
Short Blades   | |  0.7
Maces & Flails | |  2.0
Shields        | |  3.3

Action                   |  1- 3 |  4- 6 |  7- 9 || total
-------------------------+-------+-------+-------++-------
Melee: Flail             |    59 |    61 |       ||   120
       Constrict         |    18 |    25 |    20 ||    63
       Tentacles         |    11 |    18 |    24 ||    53
       Dagger            |       |    45 |    56 ||   101
       Punch             |       |       |     1 ||     1
Throw: Dart              |       |       |     1 ||     1
  Use: Scroll            |     3 |       |       ||     3
 Stab: Sleeping          |     9 |     7 |     1 ||    17
       Distracted        |     1 |     2 |       ||     3
Armor: Skin              |     4 |     4 |     1 ||     9
Dodge: Dodged            |    40 |    67 |    23 ||   130
Block: Buckler           |    12 |    14 |     5 ||    31
